 Dungeon Crawl Stone Soup version 0.26.1-2-gb8aa6d0cf2 (webtiles) character file.

Game seed: 13023791286898871569

1356 jlumianski the Grasshopper (level 8, 0/60 (64) HPs)
             Began as a Gnoll Warper on Mar 23, 2021.
             Slain by a wight
             ... wielding a cursed +4 flail
              (13 damage)
             ... on level 5 of the Dungeon on Mar 24, 2021.
             The game lasted 00:23:57 (7874 turns).

jlumianski the Grasshopper (Gnoll Warper)           Turns: 7874, Time: 00:23:58

HP:   0/60 (64)     AC:  7    Str: 12    XL:     8   Next: 64%
MP:   17/17         EV: 13    Int: 17    God:
Gold: 370           SH:  0    Dex: 15    Spells: 11/19 levels left

rFire    . . .     SeeInvis .   v - +0 whip (elec)
rCold    + . .     Faith    .   (no shield)
rNeg     . . .     Spirit   .   o - +0 ring mail
rPois    +         Reflect  .   y - +0 helmet
rElec    .         Harm     .   (no cloak)
rCorr    .         Rampage  .   (no gloves)
Will     .....                  (no boots)
Stlth    ++........             (no amulet)
HPRegen  0.20/turn              i - ring of poison resistance (curse)
MPRegen  0.15/turn              B - ring of protection from cold

@: drained
A: distributed training, fangs 1, blink, weak 1, MP-powered wands, strong nose
a: Blink


You were on level 5 of the Dungeon.
You visited 1 branch of the dungeon, and saw 6 of its levels.

You collected 370 gold pieces.

Inventory:

Hand Weapons
 a - a +0 hand axe
 k - a +0 short sword of venom
 q - a +1 vorpal hand axe
 v - a +0 whip of electrocution (weapon)
Missiles
 e - 5 boomerangs of dispersal
 g - 62 stones (quivered)
 s - 8 poisoned darts
Armour
 b - a +0 leather armour
 o - a +0 ring mail (worn)
 w - a +0 kite shield
 y - a +0 helmet (worn)
Jewellery
 c - an uncursed ring of fire
 f - a +6 ring of intelligence
 i - a cursed ring of poison resistance (left hand)
 m - an uncursed ring of wizardry
 B - a ring of protection from cold (right hand)
Scrolls
 d - a scroll of blinking
 h - 2 scrolls of remove curse
 l - 2 scrolls of identify
 t - 2 scrolls of teleportation
 u - 2 scrolls of fog
 x - a scroll of enchant armour {unknown}
Potions
 j - a potion of curing
 n - a potion of mutation
 p - a potion of degeneration
 r - 2 potions of haste
 z - a potion of attraction
 A - a potion of might


   Skills:
 + Level 5.8 Fighting
 + Level 3.4 Short Blades
 + Level 3.4 Long Blades
 + Level 5.8 Axes
 + Level 3.4 Maces & Flails
 + Level 3.4 Polearms
 + Level 3.4 Staves
 + Level 3.4 Slings
 + Level 3.4 Bows
 + Level 3.4 Crossbows
 + Level 4.3 Throwing
 + Level 4.3 Armour
 + Level 5.8 Dodging
 + Level 3.4 Stealth
 + Level 3.4 Shields
 + Level 3.4 Unarmed Combat
 + Level 6.1 Spellcasting
 + Level 2.8 Conjurations
 + Level 2.8 Hexes
 + Level 2.8 Summonings
 + Level 2.8 Necromancy
 + Level 6.2 Translocations
 + Level 2.8 Transmutations
 + Level 2.8 Fire Magic
 + Level 2.8 Ice Magic
 + Level 2.8 Air Magic
 + Level 2.8 Earth Magic
 + Level 2.8 Poison Magic
 + Level 3.8 Invocations
 + Level 3.4 Evocations


You had 11 spell levels left.
You knew the following spells:

 Your Spells              Type           Power        Failure   Level
a - Blink                 Tloc           N/A          3%          2
b - Gell's Gravitas       Tloc           13%          6%          3
c - Teleport Other        Tloc           26%          6%          3

Your spell library contained the following spells:

 Spells                   Type           Power        Failure   Level
 Lesser Beckoning         Tloc           13%          6%          3
 Passage of Golubria      Tloc           N/A          21%         4


Dungeon Overview and Level Annotations

Branches:
Dungeon (6/15)
 Temple: D:4-7

Altars:
Hepliaklqana
Ru
Uskayaw
Xom


Innate Abilities, Weirdness & Mutations

Your experience applies equally to all skills.
You have very sharp teeth.
Your uncanny sense of smell can sniff out nearby items.
You can translocate small distances at will.
You are weak. (Str -2)
You expend magic power (3 MP) to strengthen your wands.


Message History

You feel drained.
The wight hits you from afar with a +5 halberd!
* * * LOW HITPOINT WARNING * * *
You climb upwards.
There is a stone staircase leading down here.
Your +0 short sword of venom stops dripping with poison.
You hear the crackle of electricity.
v - a +0 whip of electrocution (weapon)
You hit the wight but do no damage. You punch the wight, but do no damage.
The wight barely misses you.
You hit the wight.
The wight is moderately damaged.
The wight hits you with a cursed +4 flail.
* * * LOW HITPOINT WARNING * * *
You hit the wight but do no damage.
The wight is moderately damaged.
You closely miss the wight. Your punch misses the wight.
The wight is moderately damaged.
The wight hits you with a cursed +4 flail!
You die...

# ############ #
#..........# #
###..........#####
#@'..........'...'
#z#..........#####
#................+
#.......##########
#######.### #
########### #...#
#.........###########.#
#......(..........###.#
#.....................#


You could see a wight.

Vanquished Creatures
  A sky beast (D:5)
  A black bear (D:5)
  3 phantoms
  A centaur (D:6)
  A scorpion (D:5)
  A howler monkey (D:5)
  A jelly (D:5)
  2 hounds
  2 centaur skeletons
  A gnoll shaman (D:4)
  3 orc wizards
  2 iguanas
  Natasha (twice) (D:2)
  7 worker ants
  A hound skeleton (D:4)
  A worker ant zombie (D:5)
  4 gnolls (D:4)
  7 adders
  A shadow imp (D:4)
  A white imp (D:4)
  2 oozes
  An adder skeleton (D:4)
  2 worms
  4 dart slugs
  2 leopard geckos
  6 orcs
  4 giant cockroaches
  11 hobgoblins
  A ball python (D:3)
  5 bats
  3 frilled lizards
  7 kobolds
  6 rats
97 creatures vanquished.

Notes
Turn   | Place    | Note
-------+----------+-------------------------------------------
     0 | D:1      | jlumianski the Gnoll Warper began the quest for the Orb.
     0 | D:1      | Reached XP level 1. HP: 20/20 MP: 6/6
   391 | D:1      | Reached XP level 2. HP: 26/26 MP: 7/7
   713 | D:1      | Learned a level 2 spell: Blink
  1112 | D:1      | Reached XP level 3. HP: 30/31 MP: 9/9
  1344 | D:2      | Learned a level 3 spell: Gell's Gravitas
  1348 | D:2      | Learned a level 3 spell: Teleport Other
  1582 | D:2      | Reached skill level 5 in Spellcasting
  1645 | D:3      | Reached skill level 1 in Short Blades
  1645 | D:3      | Reached skill level 1 in Long Blades
  1645 | D:3      | Reached skill level 1 in Maces & Flails
  1645 | D:3      | Reached skill level 1 in Polearms
  1645 | D:3      | Reached skill level 1 in Staves
  1645 | D:3      | Reached skill level 1 in Slings
  1645 | D:3      | Reached skill level 1 in Bows
  1645 | D:3      | Reached skill level 1 in Crossbows
  1645 | D:3      | Reached skill level 1 in Stealth
  1645 | D:3      | Reached skill level 1 in Shields
  1645 | D:3      | Reached skill level 1 in Unarmed Combat
  1645 | D:3      | Reached skill level 1 in Invocations
  1645 | D:3      | Reached skill level 1 in Evocations
  1859 | D:2      | Found a sacrificial altar of Ru.
  1903 | D:2      | Reached XP level 4. HP: 38/38 MP: 11/11
  2079 | D:2      | Noticed Natasha
  2145 | D:2      | Killed Natasha
  2146 | D:2      | Reached skill level 1 in Conjurations
  2146 | D:2      | Reached skill level 1 in Hexes
  2146 | D:2      | Reached skill level 1 in Summonings
  2146 | D:2      | Reached skill level 1 in Necromancy
  2146 | D:2      | Reached skill level 1 in Transmutations
  2146 | D:2      | Reached skill level 1 in Fire Magic
  2146 | D:2      | Reached skill level 1 in Ice Magic
  2146 | D:2      | Reached skill level 1 in Air Magic
  2146 | D:2      | Reached skill level 1 in Earth Magic
  2146 | D:2      | Reached skill level 1 in Poison Magic
  2153 | D:2      | Noticed Natasha
  2159 | D:2      | Killed Natasha
  2160 | D:2      | Reached XP level 5. HP: 21/43 MP: 12/12
  3384 | D:4      | Reached XP level 6. HP: 34/50 MP: 13/13
  3830 | D:3      | Reached skill level 5 in Fighting
  3830 | D:3      | Reached skill level 5 in Axes
  3830 | D:3      | Reached skill level 5 in Dodging
  3916 | D:3      | Noticed a phantom
  3981 | D:3      | Killed a phantom
  4489 | D:5      | Entered Level 5 of the Dungeon
  4582 | D:4      | Reached XP level 7. HP: 54/56 MP: 15/15
  5207 | D:4      | Found a hide-covered altar of Uskayaw.
  5208 | D:4      | Noticed a +0 hand axe
  5209 | D:4      | Noticed a +0 hand axe
  5929 | D:5      | Found a hazy altar of Hepliaklqana.
  5949 | D:5      | Reached XP level 8. HP: 50/63 MP: 16/16
  6170 | D:5      | Gained mutation: You are weak. (Str -2) [potion of
                  | mutation]
  6170 | D:5      | Gained mutation: You expend magic power (3 MP) to
                  | strengthen your wands. [potion of mutation]
  6170 | D:5      | Gained mutation: You can translocate small distances at
                  | will. [potion of mutation]
  7309 | D:6      | Found a shimmering altar of Xom.
  7874 | D:5      | Slain by a wight

Illustrated notes

Levels and vault maps discovered:
D:1:      lightli_arrival_statue_moat, layout_loops_ring, serial_park_tiny_1,
          corexii_item_surrounded_by_moat
D:2:      layout_loops_cross, nicolae_overflow_crystal_walls, uniq_natasha
D:3:      layout_basic, corexii_corridor_pit
D:4:      layout_basic, dancing_weapons_uskayaw, chequers_mini_garden
D:5:      layout_basic, lemuel_round_altar
D:6:      layout_cave_pools, okawaru_ov_weapons_minmay,
          grunt_temple_overflow_open, uniq_menkaure, uniq_blork_the_orc

Skill      XL: |  1  2  3  4  5  6  7  8 |
---------------+-------------------------+-----
Spellcasting   | 5 6 |  6.1
Short Blades   | 1 2 3 |  3.4
Long Blades    | 1 2 3 |  3.4
Maces & Flails | 1 2 3 |  3.4
Polearms       | 1 2 3 |  3.4
Staves         | 1 2 3 |  3.4
Slings         | 1 2 3 |  3.4
Bows           | 1 2 3 |  3.4
Crossbows      | 1 2 3 |  3.4
Stealth        | 1 2 3 |  3.4
Shields        | 1 2 3 |  3.4
Unarmed Combat | 1 2 3 |  3.4
Invocations    | 1 2 3 |  3.8
Evocations     | 1 2 3 |  3.4
Conjurations   | 1 2 |  2.8
Hexes          | 1 2 |  2.8
Summonings     | 1 2 |  2.8
Necromancy     | 1 2 |  2.8
Transmutations | 1 2 |  2.8
Fire Magic     | 1 2 |  2.8
Ice Magic      | 1 2 |  2.8
Air Magic      | 1 2 |  2.8
Earth Magic    | 1 2 |  2.8
Poison Magic   | 1 2 |  2.8
Throwing       | 3 4 |  4.3
Armour         | 3 4 |  4.3
Fighting       | 5 |  5.8
Axes           | 5 |  5.8
Dodging        | 5 |  5.8
Translocations | 6 |  6.2

Action                   |  1- 3 |  4- 6 |  7- 9 || total
-------------------------+-------+-------+-------++-------
Melee: Hand axe          |    43 |    44 |    47 ||   134
       Bite              |    12 |    17 |    27 ||    56
       Short sword       |    45 |   133 |   129 ||   307
       Whip              |       |       |    38 ||    38
       Punch             |       |       |     6 ||     6
Throw: Stone             |    12 |    20 |    37 ||    69
 Cast: Blink             |     1 |     3 |     7 ||    11
       Gell's Gravitas   |       |       |     4 ||     4
  Use: Scroll            |     1 |     3 |     2 ||     6
       Potion            |     3 |     1 |     4 ||     8
 Stab: Sleeping          |     1 |       |       ||     1
Armor: Leather armour    |    19 |       |       ||    19
       Ring mail         |     3 |    53 |    38 ||    94
Dodge: Dodged            |    52 |   134 |   133 ||   319
